 Dungeon Crawl Stone Soup version 0.27-a0-679-g77a6b55cf3 (webtiles) character file.

Game seed: 17526799615299772793

142 jestyr24 the Covered (level 5, -4/46 HPs)
             Began as a Minotaur Fighter on Mar 18, 2021.
             Killed by divine providence
             ... invoked by an orc priest
              (9 damage)
             ... on level 3 of the Dungeon.
             The game lasted 00:10:37 (2926 turns).

jestyr24 the Covered (Minotaur Fighter)             Turns: 2926, Time: 00:10:38

Health: -4/46      AC: 11    Str: 22    XL:     5   Next: 4%
Magic:  4/4        EV:  8    Int:  5    God:
Gold:   96         SH: 10    Dex: 15    Spells: 4/4 levels left

rFire    . . .     SeeInvis .   a - +0 long sword
rCold    . . .     Faith    .   c - +0 kite shield
rNeg     . . .     Spirit   .   b - +0 scale mail
rPois    .         Reflect  .   (helmet restricted)
rElec    .         Harm     .   (no cloak)
rCorr    .         Rampage  .   (no gloves)
Will     .....                  (no boots)
Stlth    ..........             (no amulet)
HPRegen  0.15/turn              f - +4 ring of protection
MPRegen  0.09/turn              n - +6 ring of dexterity

@: no status effects
A: horns 2, retaliatory headbutt
a: no special abilities


You were on level 3 of the Dungeon.
You visited 1 branch of the dungeon, and saw 3 of its levels.

You collected 96 gold pieces.

Inventory:

Hand Weapons
 a - a +0 long sword (weapon)
Missiles
 j - 10 poisoned darts (quivered)
 o - 7 atropa-tipped darts
Armour
 b - a +0 scale mail (worn)
 c - a +0 kite shield (worn)
Jewellery
 f - a +4 ring of protection (right hand)
 n - a +6 ring of dexterity (left hand)
Scrolls
 e - a scroll of enchant weapon {unknown}
 g - a scroll of enchant armour {unknown}
 h - a scroll of noise {unknown}
 i - a scroll of teleportation {unknown}
 l - a scroll of amnesia {unknown}
 p - a scroll of magic mapping {unknown}
Potions
 d - a potion of might
 k - a potion of magic
 m - a potion of haste


   Skills:
 + Level 4.2 Fighting
 + Level 4.2 Long Blades
 + Level 0.6 Throwing
 + Level 4.5 Armour
 + Level 0.7 Dodging
 + Level 4.4 Shields


You had 4 spell levels left.
You didn't know any spells.
Your spell library was empty.

Dungeon Overview and Level Annotations

Branches:
Dungeon (3/15)

Altars:

Shops:
D:2 (


Innate Abilities, Weirdness & Mutations

You have a pair of horns on your head.
You reflexively headbutt those who attack you in melee.


Message History

Beogh smites you! The orc hits you but does no damage.
You barely miss the orc.
The orc is severely wounded.
The orc priest invokes the aid of Beogh against you.
Beogh smites you! The orc hits you but does no damage.
The orc priest begins to cast a cantrip, but forgets the words!
You barely miss the orc. You block the orc's attack.
You closely miss the orc. The orc barely misses you.
You barely miss the orc. Your headbutt misses the orc.
The orc barely misses you. The orc closely misses you.
You riposte.
You hit the orc.
The orc is moderately wounded.
You completely miss the orc. Your headbutt misses the orc.
The orc is moderately wounded.
You block the orc's attack.
You closely miss the orc.
The orc is moderately wounded.
You block the orc's attack.
You hit the orc.
You kill the orc!
The orc priest looks braver for a moment.
The orc priest calls down the wrath of Beogh upon you.
Beogh smites you! The orc hits you with a +0 whip.
* * * LOW HITPOINT WARNING * * *
You have reached level 5!
You slash the orc!
You kill the orc!
You block the orc's attack.
You see here a +0 whip.
You slash the orc! Your headbutt misses the orc.
The orc is almost dead.
The orc hits you with a +0 war axe!
* * * LOW HITPOINT WARNING * * *
The orc closely misses you.
You slash the orc!
You kill the orc!
You closely miss the orc priest.
The orc priest calls down the wrath of Beogh upon you.
Beogh smites you!
You die...

#.#..≈≈
###########
.....≈8
#.........#
#....≈≈
####.........#
#.....≈
#..'........(#
.....
#.##.........####
...
#.###............
#..###.##.#
#############
#.....oo@.#
##.###.#### #. #.
#+


You could see an orc priest and an orc.

Vanquished Creatures
  The ghost of dduke234 the Ducker, a weakling SpMo of Okawaru (D:3)
  Terence (D:2)
  2 adders (D:2)
  4 dart slugs (D:1)
  2 leopard geckos (D:1)
  4 orcs (D:3)
  9 bats
  4 giant cockroaches
  5 goblins
  2 hobgoblins
  A jackal (D:1)
  3 quokkas (D:1)
  A ball python (D:1)
  5 frilled lizards
  5 kobolds
  10 rats
59 creatures vanquished.

Notes
Turn   | Place    | Note
-------+----------+-------------------------------------------
     0 | D:1      | jestyr24 the Minotaur Fighter began the quest for the Orb.
     0 | D:1      | Reached XP level 1. HP: 19/19 MP: 0/0
   257 | D:1      | Reached XP level 2. HP: 13/27 MP: 1/1
   874 | D:1      | Reached XP level 3. HP: 33/33 MP: 2/2
  1711 | D:2      | Found Giutat's Weapon Shop.
  1822 | D:2      | Noticed Terence
  1832 | D:2      | Killed Terence
  1833 | D:2      | Reached XP level 4. HP: 31/40 MP: 3/3
  2507 | D:3      | Found a runed translucent gate.
  2508 | D:3      | Found a runed translucent gate.
  2509 | D:3      | Found a runed translucent gate.
  2511 | D:3      | Noticed dduke234's ghost (weakling SpMo)
  2534 | D:3      | Killed dduke234's ghost
  2535 | D:3      | HP: 1/40 [poisoned by dduke234's ghost]
  2921 | D:3      | Reached XP level 5. HP: 12/46 MP: 4/4
  2926 | D:3      | Killed from afar by an orc priest

Illustrated notes

Levels and vault maps discovered:
D:1:      dpeg_cavernosity, layout_basic
D:2:      layout_basic, serial_shops, nicolae_shop_crystal, uniq_terence
D:3:      layout_basic, gammafunk_ghost_split, moated_statue

Skill      XL: |  1  2  3  4 |
---------------+-------------+-----
Fighting       | 4 |  4.2
Shields        | 4 |  4.4
Armour         | 4 |  4.5
Long Blades    | 3 4 |  4.2
Throwing       | |  0.6
Dodging        | |  0.7

Action                   |  1- 3 |  4- 6 || total
-------------------------+-------+-------++-------
Melee: Long sword        |    88 |    46 ||   134
       Headbutt          |    11 |     4 ||    15
Throw: Dart              |     3 |       ||     3
  Use: Potion            |       |     3 ||     3
Armor: Scale mail        |    31 |    11 ||    42
Dodge: Dodged            |    36 |    13 ||    49
Block: Kite shield       |    53 |    20 ||    73
       Rpst.: Long sword |    11 |     4 ||    15

Table legend: (Time is in decaauts)
 A = Elapsed time spent in this place.
 B = Non-inter-level travel time spent in this place.
 C = Inter-level travel time spent in this place.
 D = Time resting spent in this place.
 E = Time spent auto-exploring this place.
 F = Levels seen in this place.
 G = Mean time per level.
                   A        B        C        D        E       F      G
               +--------+--------+--------+--------+--------+-----+--------+
         Total |   2986 |   2885 |    101 |    644 |   1705 |   3 |  995.3 |
       Dungeon |   2986 |   2885 |    101 |    644 |   1705 |   3 |  995.3 |
               +--------+--------+--------+--------+--------+-----+--------+

Top non-repeatable levels by time:
     D:1: 1606 daAuts
     D:2: 822 daAuts
     D:3: 558 daAuts
